 Dungeon Crawl Stone Soup version 0.25-a0-364-ge76b031 (webtiles) character file.

Game seed: 10981139236292443631, levelgen mode: deterministic

203 Birdy the Charmwright (level 5, 0/28 HPs)
             Began as a Vine Stalker Skald on Jan 5, 2020.
             Succumbed to an orc wizard's poison
             ... on level 3 of the Dungeon.
             The game lasted 00:04:04 (2246 turns).

Birdy the Charmwright (Vine Stalker Skald)          Turns: 2246, Time: 00:04:04

Health: 0/28       AC:  4    Str: 14    XL:     5   Next: 81%
Magic:  2/10       EV:  9    Int: 13    God:
Gold:   118        SH:  0    Dex: 14    Spells: 8/10 levels left

rFire    . . .     SeeInvis .   a - +0 hand axe
rCold    . . .     Gourm    .   (no shield)
rNeg     . . .     Faith    .   b - +0 leather armour
rPois    .         Spirit   +   (no helmet)
rElec    .         Reflect  .   (no cloak)
rCorr    .         Harm     .   (no gloves)
MR       .....                  g - +0 pair of boots
Stlth    +.........             (no amulet)
HPRegen  0.49/turn              i - -3 ring of evasion (curse)
MPRegen  0.12/turn              (no ring)

@: lethally poisoned (0 -> -1), singing
A: fangs 2, regeneration 1, magic shield, antimagic bite, no potion heal 3, rot
immunity
a: no special abilities


You were on level 3 of the Dungeon.
You were hungry.

You visited 1 branch of the dungeon, and saw 3 of its levels.

You collected 118 gold pieces.

Inventory:

Hand Weapons
 a - a +0 hand axe (weapon)
Missiles
 c - 8 poisoned darts (quivered)
Armour
 b - a +0 leather armour (worn)
 g - a +0 pair of boots (worn)
Jewellery
 i - a cursed -3 ring of evasion (left hand)
Scrolls
 e - a scroll of blinking {unknown}
 f - 2 scrolls of teleportation {unknown}
 h - a scroll of amnesia
 k - a scroll of fog
 l - a scroll of enchant armour {unknown}
Potions
 j - a potion of lignification
Comestibles
 d - 4 rations
 m - 3 chunks of flesh


   Skills:
 * Level 3.3 Fighting
 * Level 3.4 Axes
 - Level 0.7 Armour
 - Level 1.5 Dodging
 + Level 3.3 Spellcasting
 + Level 3.4 Charms


You had 8 spell levels left.
You knew the following spells:

 Your Spells              Type           Power        Failure   Level  Hunger
a - Song of Slaying       Chrm           ##......     11%         2    ##.....

Your spell library contained the following spells:

 Spells                   Type           Power        Failure   Level  Hunger
 Infusion                 Chrm           ##..         7%          1    #......
 Shroud of Golubria       Chrm/Tloc      #.....       22%         2    ##.....
 Magic Dart               Conj           #...         28%         1    #......
 Ozocubu's Armour         Chrm/Ice       #.......     38%         3    ###....
 Spectral Weapon          Hex/Chrm       #.......     38%         3    ###....
 Blink                    Tloc           N/A          41%         2    ##.....
 Call Imp                 Summ           #.......     41%         2    ##.....
 Slow                     Hex            #.......     41%         2    ##.....
 Conjure Flame            Conj/Fire      #.......     65%         3    ###....
 Mephitic Cloud           Conj/Pois/Air  #.......     65%         3    ###....


Dungeon Overview and Level Annotations

Branches:
Dungeon (3/15)

Altars:
Elyvilon


Innate Abilities, Weirdness & Mutations

You have extremely sharp teeth.
Your natural rate of healing is unusually fast.
When hurt, damage is shared between your health and your magic reserves.
Your bite disrupts and absorbs the magic of your enemies.
Potions cannot restore your health.
You are immune to rotting.


Message History

The orc burns you. The orc hits you but does no damage.
You hear some strange, mumbled words.
A magic dart appears from out of thin air!
The magic dart hits you.
* * * LOW HITPOINT WARNING * * *
You hit the orc. Your bite misses the orc.
The orc is heavily wounded.
You hit something. You hit the orc.
You kill the orc!
You hit the orc but do no damage. The orc closely misses you.
You hear some strange, mumbled words.
A puff of flame appears from out of thin air!
The puff of flame hits you!
* * * LOW HITPOINT WARNING * * *
The orc closely misses you.
Okay, then.
You hit the orc but do no damage.
The orc is heavily wounded.
You hit something but do no damage. You hit the orc.
You die...

##........ #.........
#......... #.........
#......... .........
##).......
########.@o......
####
#.........o......
#..#
##..####.####.....
#..####...# ..o..
....
#...#...#.#.......#
...
#.....###.#.......#
.. ..###.#
#....._..... # #.#
#..#..#.......#..
#.####....#...o...#..


You could see 3 orcs.

Vanquished Creatures
  A bullfrog (D:2)
  An orc priest (D:3)
  An orc wizard (D:3)
  2 adders (D:2)
  An ooze (D:2)
  2 worms (D:2)
  4 dart slugs (D:1)
  4 orcs (D:3)
  A giant cockroach (D:1)
  3 goblins (D:1)
  7 hobgoblins
  2 jackals (D:2)
  6 kobolds
  A quokka (D:2)
  A ball python (D:3)
  A bat (D:2)
  2 frilled lizards (D:2)
  6 rats
46 creatures vanquished.

Notes
Turn   | Place    | Note
-------+----------+-------------------------------------------
     0 | D:1      | Birdy the Vine Stalker Skald began the quest for the Orb.
     0 | D:1      | Reached XP level 1. HP: 11/11 MP: 4/4
   104 | D:1      | Reached XP level 2. HP: 4/15 MP: 3/6
  1044 | D:1      | Reached XP level 3. HP: 18/18 MP: 8/8
  1051 | D:1      | Learned a level 2 spell: Song of Slaying
  1602 | D:2      | Noticed a bullfrog
  1614 | D:2      | Killed a bullfrog
  1614 | D:2      | Gained mutation: Your natural rate of healing is unusually
                  | fast. [Vine Stalker growth]
  1614 | D:2      | Reached XP level 4. HP: 7/23 MP: 4/9
  1774 | D:2      | Reached XP level 5. HP: 26/28 MP: 10/10
  2236 | D:3      | Found a white marble altar of Elyvilon.
  2245 | D:3      | HP: 1/28 [something/puff of flame (7)]
  2246 | D:3      | Succumbed to an orc wizard's poison

Levels and vault maps discovered:
D:1:      psy_arrival_fountain, layout_basic, minmay_small_reverse_x
D:2:      layout_basic
D:3:      layout_rooms, lemuel_doored_altar, old_standard_altar

Skill      XL: |  1  2  3  4  5 |
---------------+----------------+-----
Axes           | 2 3 |  3.4
Fighting       | 2 3 |  3.3
Spellcasting   | 3 |  3.3
Armour         | |  0.7
Dodging        | |  1.5
Charms         | |  3.4

Action                   |  1- 3 |  4- 6 || total
-------------------------+-------+-------++-------
Melee: Hand axe          |    93 |    66 ||   159
       Bite              |    27 |    12 ||    39
Throw: Dart              |       |     6 ||     6
 Cast: Song of Slaying   |     1 |     2 ||     3
  Use: Scroll            |     3 |       ||     3
       Potion            |     1 |       ||     1
 Stab: Sleeping          |       |     1 ||     1
  Eat: Chunk             |     2 |     2 ||     4
Armor: Leather armour    |    20 |    21 ||    41
       Skin              |     6 |       ||     6
Dodge: Dodged            |    39 |    33 ||    72

Table legend:
 A = Non-vault XP
 B = Vault XP
 C = Vault XP percentage of total XP
 D = Non-vault monster count
 E = Vault monster count
 F = Vault count percentage of total count
                 A         B        C        D         E       F
            +---------+---------+-------+---------+---------+-------
      Total |     284 |       7 |   2.4 |      42 |       4 |   8.7
            +---------+---------+-------+---------+---------+-------
        D:1 |      28 |       7 |  20.0 |      10 |       4 |  28.6
        D:2 |     158 |       0 |   0.0 |      21 |       0 |   0.0
        D:3 |      98 |       0 |   0.0 |      11 |       0 |   0.0
            +---------+---------+-------+---------+---------+-------
